 Dungeon Crawl Stone Soup version 0.20-a0-299-gec7c366 (webtiles) character file.

1338 SolomonHUN the Cleaver (level 8, -1/73 HPs)
             Began as a Minotaur Fighter on Dec 15, 2016.
             Was a Follower of Okawaru.
             Slain by an orc warrior
             ... wielding a +0 short sword
              (10 damage)
             ... on level 7 of the Dungeon.
             The game lasted 00:21:34 (5998 turns).

SolomonHUN the Cleaver (Minotaur Fighter)           Turns: 5998, Time: 00:21:36

Health: -1/73      AC: 11    Str: 24    XL:     8   Next: 35%
Magic:  0/7        EV:  8    Int:  5    God:    Okawaru [*.....]
Gold:   129        SH:  9    Dex:  9    Spells: 7/7 levels left

rFire  . . .     SeeInvis .     a - +0 war axe
rCold  . . .     Gourm    .     b - +1 scale mail
rNeg   . . .     Faith    .     c - +0 shield
rPois  +         Spirit   +     (helmet restricted)
rElec  .         Reflect  .     v - +0 cloak
rCorr  +         Harm     .     (no gloves)
MR     .....     Clarity  +     C - +0 pair of boots
Stlth  ..........               l - amulet of guardian spirit
                                A - ring of poison resistance
                                i - ring of resist corrosion

@: no status effects
A: retaliatory headbutt, horns 2, talons 1, clarity, sturdy frame 1
a: Heroism, Renounce Religion


You were on level 7 of the Dungeon.
You worshipped Okawaru.
Okawaru was aware of your devotion.
You were very full.

You visited 1 branch of the dungeon, and saw 7 of its levels.

You collected 389 gold pieces.
You spent 260 gold pieces at shops.

Inventory:

Hand Weapons
 a - a +0 war axe (weapon)
 d - a +3 executioner's axe of freezing
Armour
 b - a +1 scale mail (worn)
 c - a +0 shield (worn)
 v - a +0 cloak (worn)
 C - a +0 pair of boots (worn)
Jewellery
 i - a ring of resist corrosion (left hand)
 j - an uncursed ring of fire
 l - an amulet of guardian spirit (around neck)
 A - a ring of poison resistance (right hand)
Wands
 o - a wand of flame (12/48)
 w - a wand of paralysis (13/24)
Scrolls
 e - a scroll of enchant armour
 k - 3 scrolls of identify
 m - a scroll of fog
 n - 2 scrolls of magic mapping
 p - 6 scrolls of teleportation
 q - 3 scrolls of remove curse
 B - a scroll of blinking
Potions
 s - a potion of curing
 t - a potion of cancellation
 x - a potion of might
Comestibles
 f - 4 bread rations
 g - a royal jelly
 h - 3 meat rations
 r - 2 beef jerkies


   Skills:
 + Level 7.1 Fighting
 * Level 9.1 Axes
 - Level 6.9 Armour
 - Level 3.6 Shields


You had 7 spell levels left.
You didn't know any spells.

Dungeon Overview and Level Annotations

Branches:
Dungeon (7/15)             Temple (0/1) D:6

Altars:
Cheibriados
Elyvilon
Hepliaklqana
Nemelex Xobeh
Okawaru
Qazlal
Ru
Sif Muna
Trog

Shops:
D:6 =

Annotations:
D:4 mathias's ghost, amateur DrCj


Innate Abilities, Weirdness & Mutations

You reflexively headbutt those who attack you in melee.
You have a pair of horns on your head.
You have sharp toenails.
You possess an exceptional clarity of mind.
Your movements are slightly less encumbered by armour. (ER -2)


Message History

Beogh smites you!
You closely miss the orc warrior.
The orc warrior is almost dead.
You slash the orc wizard!
The orc wizard casts a spell.
The orc wizard blinks!
You block the orc warrior's attack.
You hit the orc warrior but do no damage.
The orc warrior is almost dead.
The orc warrior hits you with a short sword.
* * * LOW HITPOINT WARNING * * *
A giant cockroach comes into view.
You are too injured to fight recklessly!
You are too injured to fight recklessly!
You closely miss the orc priest.
You hit the orc warrior but do no damage.
You float gracefully downwards.
You block the orc priest's attack.
The orc warrior hits you with a short sword!
* * * LOW HITPOINT WARNING * * *
The orc warrior hits you with a short sword!
You die...

#.. .. ..# .
..# .#
#..#..#
#######.....#
#.....[.o.#
#....)@ยง..#
#./..oo...#
#.........#
#.....$.=.#
#.........#
#.....s...#
#.>........
..........##


You could see an orc warrior, an orc priest, an orc wizard and a giant
cockroach.

Vanquished Creatures
  Menkaure (D:6)
  An orc warrior (D:7)
  A phantom (D:4)
  An ogre (D:6)
  A bullfrog (D:6)
  A scorpion (D:6)
  2 crimson imps
  2 hounds
  6 orc priests
  6 orc wizards
  A bullfrog skeleton (D:5)
  2 worker ants (D:4)
  A hound skeleton (D:4)
  A worker ant zombie (D:6)
  Robin (D:3)
  3 gnolls (D:4)
  10 adders
  A shadow imp (D:5)
  An adder zombie (D:5)
  A worm (D:2)
  4 dart slugs
  3 leopard geckos
  25 orcs
  7 giant cockroaches
  16 goblins
  4 hobgoblins
  3 jackals (D:3)
  4 kobolds
  3 quokkas
  4 bats
  5 frilled lizards
  4 rats
126 creatures vanquished.

Notes
Turn   | Place    | Note
-------+----------+-------------------------------------------
     0 | D:1      | SolomonHUN the Minotaur Fighter began the quest for the Orb.
     0 | D:1      | Reached XP level 1. HP: 19/19 MP: 0/0
   257 | D:1      | Reached XP level 2. HP: 26/27 MP: 1/1
   367 | D:1      | Reached skill level 3 in Axes
   603 | D:2      | Found a deep blue altar of Sif Muna.
   604 | D:2      | Found a bloodstained altar of Trog.
   722 | D:2      | Reached XP level 3. HP: 33/33 MP: 2/2
  1197 | D:2      | Found a white marble altar of Elyvilon.
  1439 | D:3      | Reached XP level 4. HP: 32/41 MP: 3/3
  1443 | D:3      | Reached skill level 4 in Axes
  1621 | D:3      | Gained mutation: You have sharp toenails. [potion of mutation]
  1621 | D:3      | Gained mutation: You possess an exceptional clarity of mind. [potion of mutation]
  1621 | D:3      | Gained mutation: Your movements are slightly less encumbered by armour. (ER -2) [potion of mutation]
  1655 | D:3      | Noticed Robin
  1665 | D:3      | Killed Robin
  1778 | D:3      | Found a snail-covered altar of Cheibriados.
  1781 | D:3      | Found a sacrificial altar of Ru.
  1832 | D:3      | Found a sparkling altar of Nemelex Xobeh.
  1835 | D:3      | Found a stormy altar of Qazlal.
  2251 | D:4      | Noticed mathias's ghost (amateur DrCj)
  2259 | D:3      | Reached XP level 5. HP: 18/47 MP: 1/4
  2497 | D:3      | Reached skill level 5 in Axes
  2506 | D:4      | Reached skill level 5 in Fighting
  2848 | D:3      | HP: 2/48 [poisoned by mathias's ghost]
  2853 | D:3      | HP: 2/48 [poisoned by mathias's ghost]
  3029 | D:3      | Reached XP level 6. HP: 34/56 MP: 5/5
  3190 | D:4      | Reached skill level 5 in Armour
  3190 | D:4      | Reached skill level 6 in Axes
  3408 | D:4      | Reached XP level 7. HP: 42/62 MP: 6/6
  3795 | D:5      | Entered Level 5 of the Dungeon
  3801 | D:5      | Reached skill level 7 in Axes
  4082 | D:5      | Found an iron altar of Okawaru.
  4095 | D:5      | Became a worshipper of Warmaster Okawaru
  4425 | D:6      | Noticed Menkaure
  4438 | D:6      | Killed Menkaure
  4810 | D:6      | Found a staircase to the Ecumenical Temple.
  4823 | D:6      | Reached skill level 8 in Axes
  4945 | D:6      | Reached XP level 8. HP: 71/71 MP: 7/7
  4957 | D:6      | Reached * piety under Okawaru
  5137 | D:6      | Found Cerap's Jewellery Boutique.
  5145 | D:6      | Bought an uncursed ring of poison resistance for 260 gold pieces
  5310 | D:6      | Found a hazy altar of Hepliaklqana.
  5622 | D:7      | Reached skill level 9 in Axes
  5978 | D:6      | Identified a scroll of acquirement
  5998 | D:7      | Slain by an orc warrior

Vault maps used:
D:1:      tarquinn_simple_flora_water_f, minmay_misc_feat_rugged,
          hex_intersection
D:2:      lemuel_round_altar, chequers_temple_overflow_statue_of_worship
D:3:      grunt_temple_overflow_cloverleaf, supply_closet_lemuel,
          kennysheep_decorative_pillar, hangedman_decor_peaks_small, uniq_robin
D:4:      first_bread
D:5:      okawaru_ov_weapons_minmay
D:6:      lemuel_round_altar, serial_shops, shop, minmay_holes, st_stairs_14,
          uniq_menkaure
D:7:      uniq_pikel

Skill      XL: |  1  2  3  4  5  6  7  8 |
---------------+-------------------------+-----
Axes           | 3 4 5 6 8 9 |  9.1
Armour         | 4 5 6 |  6.9
Fighting       | 4 5 6 7 |  7.1
Shields        | |  3.6

Action                   |  1- 3 |  4- 6 |  7- 9 || total
-------------------------+-------+-------+-------++-------
Melee: War axe           |    78 |   110 |   149 ||   337
       Headbutt          |     6 |    16 |    28 ||    50
       Kick              |       |    21 |    36 ||    57
  Use: Potion            |     5 |     6 |     4 ||    15
       Scroll            |     5 |     2 |     6 ||    13
 Stab: Distracted        |       |     1 |       ||     1
  Eat: Fruit             |     5 |       |     3 ||     8
       Meat ration       |     1 |       |       ||     1
       Beef jerky        |     1 |       |       ||     1
       Bread ration      |       |       |     2 ||     2
       Pizza             |       |       |     1 ||     1
Armor: Scale mail        |    43 |    57 |    49 ||   149
Dodge: Dodged            |    19 |    32 |    37 ||    88
Block: Shield            |    40 |    64 |    68 ||   172
